 Dungeon Crawl Stone Soup version 0.29.1-15-g9cfb28693d (webtiles) character file.

Game seed: 8448980975549824107

396 McKennaii the Caller (level 6, -4/45 HPs)
             Began as a Demigod Summoner on Feb 23, 2023.
             Slain by Menkaure (18 damage)
             ... on level 5 of the Dungeon.
             The game lasted 00:07:50 (5273 turns).

McKennaii the Caller (Demigod Summoner)             Turns: 5273, Time: 00:07:51

Health: -4/45      AC:  9    Str:  9    XL:     6   Next: 27%
Magic:  13/14      EV: 10    Int: 34    God:
Gold:   199        SH:  0    Dex: 14    Spells: 3/12 levels left

rFire   + + .      SeeInvis +   n - +4 quarterstaff (chaos)
rCold   x . .      Faith    .   (shield currently unavailable)
rNeg    . . .      Spirit   .   g - +2 ring mail of Gehenna {rF+ rC- Int+9 SInv}
rPois   .          Reflect  .   (no helmet)
rElec   .          Harm     .   u - +1 cloak of the Mackerel {rF+ Slay+3}
rCorr   .          Rampage  .   (no gloves)
Will    .....                   (no boots)
Stlth   +.........              (no amulet)
HPRegen 0.15/turn               (no ring)
MPRegen 0.14/turn               (no ring)

@: no status effects
A: high MP 1, forlorn, divine attributes
a: no special abilities


You were on level 5 of the Dungeon.
You visited 1 branch of the dungeon, and saw 5 of its levels.

You collected 199 gold pieces.

Inventory:

Hand Weapons
 n - a +4 quarterstaff of chaos (weapon)
Armour
 a - a +0 robe
 g - the +2 ring mail of Gehenna (worn) {rF+ rC- Int+9 SInv}
   (You found it on level 2 of the Dungeon)

   Int:       It affects your intelligence (+9).
   rF:        It protects you from fire.
   rC:        It makes you vulnerable to cold.
   SInv:      It lets you see invisible.
 u - the +1 cloak of the Mackerel (worn) {rF+ Slay+3}
   (You found it on level 4 of the Dungeon)

   Slay:      It affects your accuracy & damage with ranged weapons and melee
   (+3).
   rF:        It protects you from fire.
Wands
 q - a wand of flame (10)
 r - a wand of charming (3)
Scrolls
 c - 3 scrolls of teleportation {unknown}
 d - a scroll of magic mapping {unknown}
 e - 2 scrolls of fog {unknown}
 f - 3 scrolls of poison {unknown}
 j - a scroll of brand weapon {unknown}
 l - 4 scrolls of identify {unknown}
 o - a scroll of noise {unknown}
 s - a scroll of amnesia {unknown}
Potions
 b - a potion of magic
 h - a potion of heal wounds {unknown}
 i - a potion of attraction {unknown}
 k - a potion of cancellation {unknown}
 m - 3 potions of haste {unknown}
 p - a potion of flight {unknown}
 t - a potion of invisibility {unknown}


   Skills:
 + Level 2.9 Armour
 - Level 1.7 Dodging
 - Level 1.7 Stealth
 + Level 3.7 Spellcasting
 + Level 5.2 Summonings


You had 3 spell levels left.
You knew the following spells:

 Your Spells              Type           Power      Damage    Failure   Level
a - Summon Small Mammal   Summ           100%       N/A       1%          1
b - Call Imp              Summ           42%        N/A       2%          2
c - Call Canine Familiar  Summ           42%        N/A       4%          3
d - Summon Guardian Gole  Hex/Summ       24%        N/A       14%         3

Your spell library contained the following spells:

 Spells                   Type           Power      Damage    Failure   Level
 Foxfire                  Conj/Fire      24%        2x1d5     13%         1
 Magic Dart               Conj           24%        1d4       13%         1
 Slow                     Hex            24%        N/A       13%         1
 Confusing Touch          Hex            6%         N/A       36%         3
 Conjure Flame            Conj/Fire      6%         6-21      36%         3
 Ignite Poison            Fire/Tmut/Pois 6%         N/A       36%         3
 Inner Flame              Hex/Fire       6%         N/A       36%         3
 Mephitic Cloud           Conj/Pois/Air  6%         N/A       36%         3
 Vampiric Draining        Necr           6%         2d6       36%         3
 Summon Lightning Spire   Summ/Air       24%        N/A       41%         4
 Flame Wave               Conj/Fire      6%         2d5       78%         4
 Alistair's Intoxication  Tmut/Pois      4%         N/A       98%         5
 Borgnjor's Vile Clutch   Necr/Erth      3%         N/A       98%         5
 Freezing Cloud           Conj/Ice/Air   3%         6-21      98%         5
 Eringya's Noxious Bog    Tmut/Pois      3%         N/A       100%        6


Dungeon Overview and Level Annotations

Branches:
Dungeon (5/15)
 Temple: D:4-7

Annotations:
D:5 Menkaure


Innate Abilities, Weirdness & Mutations

You have an increased reservoir of magic. (+10% MP)
You shall have no god before yourself.
Your divine heritage dramatically boosts your attributes as you level up.


Message History

Your white imp completely misses the ufetubus.
The ufetubus barely misses your white imp.
The ufetubus completely misses your white imp.
Your white imp hits the ufetubus.
Your white imp freezes the ufetubus.
The ufetubus resists.
You swap places.
The ufetubus closely misses you.
The ufetubus hits you but does no damage. x3
You barely miss the ufetubus.
The ufetubus is moderately wounded.
The ufetubus hits you but does no damage. x2
The ufetubus closely misses you. The ufetubus misses you.
You barely miss the ufetubus.
The ufetubus is moderately wounded.
The ufetubus hits you but does no damage. x4
You sock the ufetubus!
You kill the ufetubus!
No target in view!
Found 3 stones.
Your quokka disappears in a puff of smoke!
You open the door.
There is an open door here.
Menkaure, Prince of Dust comes into view.
Menkaure is nearby!
Menkaure calls on the powers of darkness!
Your quokka convulses!
Your body is wracked with pain!
Menkaure mumbles some strange words.
Menkaure seems to speed up.
You swap places.
Menkaure calls on the powers of darkness!
Your body is wracked with pain!
Your quokka convulses!
You are too injured to fight recklessly!
You are too injured to fight recklessly!
Unknown command.
You hit Menkaure.
Menkaure flickers and vanishes for a moment.
Menkaure is lightly damaged.
Menkaure hits you!!
You die...

#.# #.# #.# #...#.### ###...#
#.###.###.# #####.# ##.##
#.........# #.# #.# #.###.##.##
##+## #.# ..# #.##.# ##...## #.#
..# #.##.# ##.....## ####.###
..###.#..# ##.......## #.......
.........####.........####....###
....)...)<..+..M@5....'.......# #
#####....####...r.....####....# #
#.#.## ##.......## #..#.# # #.###
##.....## #.##(# # #.# ##...##
#.##.# # #.# ##+## #.##.### #..
#....... ### ####.### #.#


You could see Menkaure (fast, invisible, ally target), a friendly white imp
(summoned) and a friendly quokka (summoned).

Vanquished Creatures
  A gnoll sergeant (D:5)
  A scorpion (D:5)
  Terence (D:2)
  A gnoll (D:5)
  2 adders
  An ufetubus (D:5)
  A dart slug (D:2)
  An orc (D:4)
  An endoplasm (D:4)
  A giant cockroach (D:4)
  2 goblins
  2 hobgoblins (D:4)
  A jackal (D:4)
  A kobold (D:4)
  A quokka (D:1)
  3 ball pythons
21 creatures vanquished.

Vanquished Creatures (collateral kills)
  Crazy Yiuf (D:2)
  Jessica (D:3)
  Ijyb (D:3)
  2 gnolls (D:5)
  3 adders
  2 worms
  2 dart slugs
  4 bats
  5 endoplasms
  2 giant cockroaches
  8 goblins
  5 hobgoblins
  6 jackals
  4 kobolds
  A quokka (D:1)
  7 ball pythons
  2 frilled lizards (D:2)
  7 rats
63 creatures vanquished.

Grand Total: 84 creatures vanquished

Notes
Turn   | Place    | Note
-------+----------+-------------------------------------------
     0 | D:1      | McKennaii the Demigod Summoner began the quest for the Orb.
     0 | D:1      | Reached XP level 1. HP: 14/14 MP: 5/5
   349 | D:1      | Reached XP level 2. HP: 20/20 MP: 4/7
   655 | D:1      | Learned a level 2 spell: Call Imp
   755 | D:1      | Reached skill level 4 in Summonings
  1574 | D:2      | Identified the +2 ring mail of Gehenna {rF+ rC- Int+9 SInv}
  1695 | D:2      | You fall into a shaft and drop 2 floors!
  1729 | D:3      | Reached XP level 3. HP: 26/26 MP: 4/9
  2248 | D:2      | Found a runed translucent door.
  2249 | D:2      | Noticed Crazy Yiuf
  2620 | D:2      | Reached skill level 1 in Armour
  2818 | D:2      | Reached XP level 4. HP: 33/33 MP: 9/11
  3124 | D:2      | Noticed Terence
  3155 | D:2      | Killed Terence
  3360 | D:2      | Killed Crazy Yiuf
  3573 | D:3      | Noticed Jessica
  3586 | D:3      | Killed Jessica
  3587 | D:3      | Reached XP level 5. HP: 28/38 MP: 9/12
  3721 | D:3      | Noticed Ijyb
  3733 | D:3      | Killed Ijyb
  4277 | D:4      | Learned a level 3 spell: Call Canine Familiar
  4281 | D:4      | Learned a level 3 spell: Summon Guardian Golem
  4575 | D:4      | Identified the +1 cloak of the Mackerel {rF+ Slay+3}
  4868 | D:5      | Entered Level 5 of the Dungeon
  4931 | D:5      | Reached skill level 5 in Summonings
  5022 | D:5      | Reached XP level 6. HP: 26/45 MP: 2/14
  5267 | D:5      | Noticed Menkaure
  5273 | D:5      | Slain by Menkaure

Illustrated notes

Levels and vault maps discovered:
D:1:      shiori_shiawase, layout_basic, chequers_serial_rivers_small_a
D:2:      layout_loops_ring, basic_ecumenical_altar, basic_altar,
          minmay_cut_off, uniq_crazy_yiuf_cottage, uniq_terence
D:3:      layout_loops_cross, uniq_ijyb, uniq_jessica
D:4:      layout_cave_pools, kennysheep_generic_room_7
D:5:      layout_loops_corners, uniq_menkaure

Skill      XL: |  1  2  3  4  5 |
---------------+----------------+-----
Spellcasting   | 2 3 |  3.7
Summonings     | 4 5 |  5.2
Armour         | 1 2 |  2.9
Dodging        | |  1.7
Stealth        | |  1.7

Action                   |  1- 3 |  4- 6 || total
-------------------------+-------+-------++-------
Melee: Unarmed           |   103 |    19 ||   122
       Punch             |     1 |       ||     1
       Quarterstaff      |       |    42 ||    42
 Cast: Summon Small Mamm |    37 |    38 ||    75
       Call Imp          |    26 |    24 ||    50
       Call Canine Famil |       |     2 ||     2
 Stab: Distracted        |     1 |     4 ||     5
       Sleeping          |     1 |     1 ||     2
Armor: Robe              |    28 |    18 ||    46
       Ring mail         |       |    10 ||    10
Dodge: Dodged            |    97 |    60 ||   157
